AoeStats
← Chris77A

Oasis

507477509Analyzed
2v2 RM · 13d ago on Sep 18, 2026· 35m 11s· 4 players
Game mode
Random Map
Map size
Medium (4 player)
Population
200
Speed
Normal
Resources
Standard
Victory
Conquest
Starting age
Dark Age
Ending age
Imperial Age
RankedLock teamsTeams togetherTeam positionsShared explorationLock speedFull tech treeHidden civsTurbo modeCheats
Victory
Defeat
🇬🇧 Bohemians · United Kingdom
1306
+12
🇬🇧 Byzantines · United Kingdom
1259
+14
🇺🇸 Khmer · United States
1255
-14
🇻🇳 Maya · Vietnam
1182
-12
FozzyLumbits
5:12 Loom
10:39 Feudal Age
14:21 Castle Age
13:02 Double-Bit Axe
13:08 Gold Mining
16:59 Bow Saw
18:17 Horse Collar
20:45 Heavy Plow
23:29 Wheelbarrow
22:42 Town Watch
23:58 Scale Barding Armor
24:33 Fletching
26:23 Chain Barding Armor
26:14 Forging
26:27 Bloodlines
37:28 Imperial Age
wang_03
0:32 Loom
10:45 Feudal Age
15:58 Gold Mining
15:55 Double-Bit Axe
16:33 Fletching
20:56 Castle Age
19:14 Horse Collar
21:09 Padded Archer Armor
21:08 Crossbowman
24:49 Bodkin Arrow
27:20 Wheelbarrow
30:27 Thumb Ring
30:44 Ballistics
33:47 Imperial Age
DrunkMonk
4:46 Loom
11:15 Feudal Age
11:45 Double-Bit Axe
13:48 Forging
21:05 Castle Age
19:26 Horse Collar
20:28 Fletching
22:05 Bow Saw
21:56 Bodkin Arrow
25:08 Chemistry
30:00 Wheelbarrow
31:30 Town Watch
38:19 Imperial Age
Chris77A
4:43 Loom
11:32 Feudal Age
16:46 Castle Age
15:51 Scale Barding Armor
20:16 Forging
23:56 Wheelbarrow
29:21 Hand Cart
28:53 Double-Bit Axe
28:54 Horse Collar
38:21 Imperial Age
Connection lost

Rejoining the realm…

Still unreachable

The connection could not be restored.

Session expired

The server has moved on; the page needs a fresh start.